 Dungeon Crawl Stone Soup version 0.21-a0-221-gfe971b9 (webtiles) character file.

5084 tidbits the Blocker (level 10, -6/90 HPs)
             Began as a Demigod Wanderer on Aug 26, 2017.
             Killed themself with a badly aimed fireball (13 damage)
             ... on level 10 of the Dungeon.
             The game lasted 00:52:42 (4461 turns).

tidbits the Blocker (Demigod Wanderer)              Turns: 4461, Time: 00:52:43

Health: -6/90      AC: 13    Str: 18    XL:     10   Next: 10%
Magic:  16/16      EV: 15    Int: 17    God:
Gold:   424        SH: 14    Dex: 22    Spells: 11/11 levels left

rFire    . . .     SeeInvis .   Q - +0 scimitar (vamp) (curse)
rCold    . . .     Gourm    +   D - +2 shield
rNeg     + . .     Faith    .   B - +2 scale mail
rPois    .         Spirit   .   (helmet restricted)
rElec    +         Reflect  .   C - +0 cloak
rCorr    .         Harm     .   M - +1 pair of gloves
MR       +....     Clarity  +   F - +0 pair of boots
Stlth    ++........             H - amulet of the gourmand
HPRegen  0.25/turn              P - ring of positive energy
MPRegen  0.15/turn              (no ring)

@: agile
A: antennae 1, clarity, high mp 1, electricity resistance, no potion heal 1
a: no special abilities


You were on level 10 of the Dungeon.
You were not hungry.

You visited 1 branch of the dungeon, and saw 10 of its levels.

You collected 424 gold pieces.

Inventory:

Hand Weapons
 a - a +5 morningstar
 k - a +1 short sword of protection
   (You took it off a kobold on level 3 of the Dungeon)
 p - a +2 dagger of freezing
   (You found it on level 2 of the Dungeon)
 y - a +0 hand axe of chopping
   (You found it on level 1 of the Dungeon)
 A - a +0 shortbow
 E - a +2 dagger of speed
   (You found it on level 6 of the Dungeon)
 G - a +2 dagger of draining
   (You took it off an orc on level 3 of the Dungeon)
 I - a cursed +3 long sword of freezing
   (You took it off a wight on level 5 of the Dungeon)
 K - a cursed +2 great sword
 Q - a cursed +0 vampiric scimitar (weapon)
   (You took it off a wight on level 7 of the Dungeon)
 Y - a +0 blowgun
 Z - a +2 short sword of holy wrath
   (You took it off a big kobold on level 9 of the Dungeon)
Missiles
 f - 165 arrows
 i - 2 poisoned javelins
 j - 115 stones (quivered)
 l - 7 poisoned needles
 s - 38 bolts
 v - 10 tomahawks
Armour
 h - a +0 ring mail
 B - a +2 scale mail (worn)
 C - a +0 cloak (worn)
 D - a +2 shield (worn)
 F - a +0 pair of boots (worn)
 J - a +1 ring mail of positive energy
   (You took it off Ijyb on level 5 of the Dungeon)
 M - a +1 pair of gloves (worn)
Jewellery
 b - an uncursed ring of fire
   (You found it on level 1 of the Dungeon)
 H - an amulet of the gourmand (around neck)
   (You found it on level 6 of the Dungeon)
 P - a ring of positive energy (left hand)
   (You found it on level 5 of the Dungeon)
Wands
 e - a wand of iceblast (0/15)
 n - a wand of lightning (0/15)
 u - a wand of random effects (12/48)
 X - a wand of random effects (27/48)
Scrolls
 t - 4 scrolls of magic mapping
 w - a scroll of noise {unknown}
 z - a scroll of recharging {unknown}
 L - 2 scrolls of teleportation
 N - a scroll of enchant weapon {unknown}
 R - a scroll of fog
 T - a scroll of vulnerability {unknown}
 U - 2 scrolls of immolation
 V - a scroll of holy word
Potions
 c - a potion of curing
 m - a potion of agility
 o - 4 potions of haste
 r - 3 potions of ambrosia
Books
 g - a book of Callings
   (You found it on level 9 of the Dungeon)

   Spells                             Type                      Level
   a - Summon Small Mammal            Summoning                    1
   b - Call Imp                       Summoning                    2
   c - Call Canine Familiar           Summoning                    3
   d - Summon Guardian Golem          Hexes/Summoning              3
   e - Summon Lightning Spire         Summoning/Air                4
   f - Summon Ice Beast               Ice/Summoning                4
Miscellaneous
 W - a lightning rod (inert)
Comestibles
 d - 9 bread rations
 q - 7 fruits
 x - a chunk of flesh
 S - 2 meat rations


   Skills:
 - Level 8.6 Fighting
 - Level 1.7 Bows
 - Level 3.1 Armour
 + Level 2.7 Dodging
 - Level 9.5 Shields
 - Level 1.0 Spellcasting
   Level 1.7 Earth Magic
 - Level 4.2 Evocations


You had 11 spell levels left.
You didn't know any spells.

Dungeon Overview and Level Annotations

Branches:
Dungeon (10/15)              Lair (0/6) D:10            Orc (0/2) D:10
 Temple: D:4-7

Shops:
D:6 (

Annotations:
D:9 1 runed door


Innate Abilities, Weirdness & Mutations

You have an increased reservoir of magic. (+10% MP)
You have a pair of small antennae on your head.
You possess an exceptional clarity of mind.
You are resistant to electric shocks. (rElec)
Potions are less effective at restoring your health.


Message History

Keep equipping yourself?
You continue putting on your pair of runed gloves.
The killer bee buzzes angrily.
You continue putting on your pair of runed gloves.
You block the killer bee's attack. The killer bee barely misses you.
You finish putting on your +1 pair of gloves.
You miss the killer bee. You block the killer bee's attack.
The killer bee stings you but does no damage.
You block the killer bee's attack.
You hit the killer bee.
The killer bee is moderately wounded.
The killer bee stings you.
* * * LOW HITPOINT WARNING * * *
The killer bee stings you but does no damage.
You miss the killer bee.
The killer bee is moderately wounded.
The killer bee stings you.
* * * LOW HITPOINT WARNING * * *
You block the killer bee's attack. The killer bee stings you.
* * * LOW HITPOINT WARNING * * *
You are poisoned.
The killer bee poisons you!
You closely miss the killer bee.
The killer bee is moderately wounded.
You feel sick. You block the killer bee's attack. x3
You barely miss the killer bee.
The killer bee is lightly wounded.
You feel sick. You block the killer bee's attack.
The killer bee barely misses you. x2
You barely miss the killer bee.
The killer bee is lightly wounded.
You feel sick.
The killer bee stings you but does no damage.
You block the killer bee's attack.
The killer bee stings you but does no damage.
You barely miss the killer bee.
The killer bee is lightly wounded.
You feel sick. You block the killer bee's attack. x2
The killer bee closely misses you.
You miss the killer bee.
The killer bee is lightly wounded.
The killer bee stings you but does no damage. x2
You block the killer bee's attack.
You hit the killer bee.
The killer bee is heavily wounded.
You feel sick. The killer bee stings you.
* * * LOW HITPOINT WARNING * * *
You are lethally poisoned!
The killer bee poisons you! The killer bee closely misses you.
The killer bee stings you.
* * * LOW HITPOINT WARNING * * *
You slash the killer bee!
You feel better.
You kill the killer bee!
You feel sick.
You feel sick.
You see here a killer bee corpse.
You feel sick.
You feel sick.
You feel sick.
You feel sick.
You feel sick.
You feel sick.
You feel sick.
You open the door.
A killer bee and a wraith come into view.
The killer bee buzzes angrily.
Found an escape hatch in the floor.
You close the door.
You feel sick.
Something unseen opens the door.
Evoke which item? (* to show all) (? for menu, Esc to quit)
Aiming: Random Effects
Press: ? - help, Shift-Dir - straight line, f - wraith
Aim: a wraith The bolt of poison misses the killer bee.
The bolt of poison hits the wraith.
The wraith appears unharmed.
This wand has 13 charges left.
You feel sick.
The killer bee stings you but does no damage.
You feel agile all of a sudden.
The killer bee stings you but does no damage.
You block the killer bee's attack.
Evoke which item? (* to show all) (? for menu, Esc to quit)
Okay, then.
Your system partially rejects the healing.
You feel better. The killer bee barely misses you. The killer bee misses you.
You riposte.
You miss the killer bee.
Evoke which item? (* to show all) (? for menu, Esc to quit)
Aiming: Random Effects
Press: ? - help, Shift-Dir - straight line, p - wraith The killer bee looks slightly unstable.
This wand has 12 charges left.
The killer bee misses you. You block the killer bee's attack.
Evoke which item? (* to show all) (? for menu, Esc to quit)
Aiming: Random Effects
Press: ? - help, Shift-Dir - straight line The fireball explodes!
The fireball engulfs the killer bee.
The killer bee is severely wounded.
The fireball engulfs the wraith.
The wraith is lightly damaged.
The fireball engulfs you!
You die...

##### ***###**** ####### #....
*,,....,,* #.....# #....
*,,.....,#######.....# #....
*,,...W..#.Wy@.......#####....
*,,.....>'.#####.....##.......
*,,......### #........##....
***####+** #.....#####....
*,,* #...†.# ####. *,**
####.##* #. *,* #...# ## *,*
***###.#* # *******+**
*,,,,,..# #


You could see a wraith and a killer bee.

Vanquished Creatures
  A two-headed ogre (D:9)
  A hippogriff (D:7)
  Sigmund (D:5)
  A hungry ghost (D:8)
  Menkaure (D:7)
  A water moccasin (D:7)
  A warg (D:10)
  2 sky beasts
  A phantom (D:9)
  2 ogres (D:6)
  3 centaurs
  A big kobold (D:9)
  4 bullfrogs
  4 scorpions
  A water moccasin zombie (D:10)
  A water moccasin skeleton (D:8)
  A wyvern skeleton (D:9)
  15 killer bees (D:10)
  11 wights
  2 howler monkeys
  A bullfrog zombie (D:8)
  3 crimson imps
  A centaur zombie (D:3)
  4 jellies
  7 orc wizards
  A centaur skeleton (D:6)
  3 orc priests
  2 hounds (D:6)
  2 iguanas
  Ijyb (D:5)
  7 worker ants
  A killer bee zombie (D:8)
  A hound zombie (D:8)
  2 worker ant zombies
  6 adders
  A shadow imp (D:5)
  An adder skeleton (D:5)
  2 adder zombies
  3 dart slugs
  3 leopard geckos
  25 orcs
  4 giant cockroaches
  5 goblins
  9 hobgoblins
  14 jackals
  2 quokkas
  2 ball pythons
  3 bats
  3 frilled lizards
  13 kobolds
  A leopard gecko skeleton (D:5)
  A leopard gecko zombie (D:5)
  5 rats
194 creatures vanquished.

Vanquished Creatures (others)
  2 plants (D:9)
2 creatures vanquished.

Grand Total: 196 creatures vanquished

Notes
Turn   | Place    | Note
-------+----------+-------------------------------------------
     0 | D:1      | tidbits the Demigod Wanderer began the quest for the Orb.
     0 | D:1      | tidbits set off with: a +2 scale mail, a +0 hand axe, a potion of curing, a bread ration
     0 | D:1      | Reached XP level 1. HP: 16/16 MP: 4/4
   172 | D:2      | Found a hazy altar of Hepliaklqana.
   229 | D:2      | Reached skill level 2 in Fighting
   230 | D:2      | Reached XP level 2. HP: 18/24 MP: 5/5
   366 | D:2      | Reached XP level 3. HP: 19/30 MP: 6/6
   368 | D:2      | Reached skill level 3 in Fighting
   501 | D:1      | Reached skill level 1 in Shields
   619 | D:3      | Found a snail-covered altar of Cheibriados.
   635 | D:3      | Gained mutation: You have a pair of small antennae on your head. [potion of mutation]
   635 | D:3      | Gained mutation: You are resistant to electric shocks. (rElec) [potion of mutation]
   635 | D:3      | Gained mutation: Potions are less effective at restoring your health. [potion of mutation]
   635 | D:3      | Gained mutation: You possess an exceptional clarity of mind. [potion of mutation]
   667 | D:3      | Found a basalt altar of Yredelemnul.
   718 | D:3      | Found a white marble altar of Elyvilon.
   749 | D:3      | Reached XP level 4. HP: 36/38 MP: 8/8
   780 | D:3      | Found an ornate altar of the Wu Jian Council.
   896 | D:3      | Reached skill level 2 in Shields
  1164 | D:3      | Reached skill level 3 in Shields
  1164 | D:3      | Reached XP level 5. HP: 30/45 MP: 9/9
  1288 | D:5      | Entered Level 5 of the Dungeon
  1336 | D:5      | Noticed a centaur
  1364 | D:5      | Killed a centaur
  1364 | D:5      | Reached skill level 4 in Shields
  1386 | D:5      | Noticed Sigmund
  1402 | D:5      | Reached XP level 6. HP: 29/51 MP: 10/10
  1406 | D:5      | Killed Sigmund
  1406 | D:5      | Reached skill level 5 in Shields
  1427 | D:5      | Reached skill level 6 in Shields
  1642 | D:8      | Noticed a hippogriff
  1666 | D:7      | Reached XP level 7. HP: 51/57 MP: 11/11
  1737 | D:7      | Found a hide-covered altar of Uskayaw.
  1797 | D:7      | Noticed Menkaure
  1824 | D:7      | Killed Menkaure
  1860 | D:7      | Reached skill level 4 in Fighting
  1863 | D:7      | HP: 3/59 [wight/vampiric scimitar (4)]
  2019 | D:6      | Reached skill level 7 in Shields
  2211 | D:6      | Reached skill level 5 in Fighting
  2211 | D:6      | Reached XP level 8. HP: 15/68 MP: 12/12
  2400 | D:5      | Noticed Ijyb
  2405 | D:5      | Reached skill level 2 in Armour
  2406 | D:5      | Killed Ijyb
  2406 | D:5      | Reached skill level 3 in Armour
  2465 | D:5      | Found a basalt altar of Yredelemnul.
  2653 | D:6      | Reached skill level 6 in Fighting
  2722 | D:6      | Found a shimmering altar of Xom.
  2722 | D:6      | Found a glowing silver altar of Zin.
  2723 | D:6      | Noticed an angel
  2733 | D:6      | Found Siemamuv's Antique Weapon Shop.
  2788 | D:7      | Reached skill level 8 in Shields
  2907 | D:7      | Reached skill level 7 in Fighting
  2933 | D:7      | Reached XP level 9. HP: 72/79 MP: 13/13
  3151 | D:9      | Noticed a two-headed ogre
  3171 | D:9      | Killed a two-headed ogre
  3171 | D:9      | Reached skill level 8 in Fighting
  3171 | D:9      | Reached skill level 9 in Shields
  3217 | D:7      | Found a shadowy altar of Dithmenos.
  3510 | D:8      | Found a blossoming altar of Fedhas.
  3716 | D:8      | Found a sparkling altar of Nemelex Xobeh.
  3738 | D:8      | Found a burning altar of Makhleb.
  3775 | D:9      | Found a runed door.
  3775 | D:9      | Noticed a sixfirhy
  3817 | D:9      | Reached skill level 2 in Evocations
  3883 | D:10     | Entered Level 10 of the Dungeon
  3883 | D:10     | Found a hazy altar of Hepliaklqana.
  3897 | D:9      | Noticed a two-headed ogre
  3911 | D:9      | Reached skill level 3 in Evocations
  4085 | D:10     | Found a shimmering altar of Xom.
  4219 | D:10     | Found a roughly hewn altar of Beogh.
  4219 | D:10     | Noticed an orc knight
  4226 | D:10     | Found a staircase to the Lair.
  4227 | D:10     | Noticed a two-headed ogre
  4227 | D:10     | Found a staircase to the Orcish Mines.
  4243 | D:10     | Reached skill level 4 in Evocations
  4251 | D:10     | Reached XP level 10. HP: 51/90 MP: 16/16
  4265 | D:10     | Reached skill level 1 in Dodging
  4369 | D:10     | Reached skill level 2 in Dodging
  4438 | D:10     | HP: 7/90 [killer bee (6)]
  4438 | D:10     | HP: 1/90 [killer bee (6)]
  4443 | D:10     | HP: 5/90 [poisoned by a killer bee]
  4449 | D:10     | HP: 4/90 [poisoned by a killer bee]
  4454 | D:10     | HP: 3/90 [poisoned by a killer bee]
  4461 | D:10     | Killed themself with a badly aimed fireball

Vault maps used:
D:1:      onia_arrival_pyramid
D:2:      lemuel_doored_altar, lemuel_round_altar,
          minmay_randomly_rotated_circles
D:3:      kennysheep_ying_yang, overflow_temple_1_default,
          lemuel_coloured_pillars_altar, first_bread
D:4:      minmay_temple_entry_glass
D:5:      basic_altar, kennysheep_cross_room, hangedman_decor_growths,
          uniq_sigmund, uniq_ijyb
D:6:      grunt_temple_overflow_order_and_chaos_1, okawaru_gym_becter,
          serial_shops, shop_statue
D:7:      kennysheep_little_box, basic_altar, uniq_menkaure
D:8:      old_standard_altar, kennysheep_mini_moat,
          nicolae_overflow_crystal_walls, amethyst_overflow_temple_binary,
          lemuel_crystal_altar
D:9:      cheibrodos_shockbox, hangedman_ranch
D:10:     erik_lair_orcish_takeover, david_orc_5, basic_altar, xom_teletrap_fun

Skill      XL: |  1  2  3  4  5  6  7  8  9 10 |
---------------+-------------------------------+-----
Fighting       | 2 3 5 7 8 |  8.6
Shields        | 1 3 4 6 7 8 9 |  9.5
Armour         | 3 |  3.1
Evocations     | 4 |  4.2
Dodging        | 2 |  2.7
Bows           | |  1.7
Spellcasting   | |  1.0
Earth Magic    | |  1.7

Action                   |  1- 3 |  4- 6 |  7- 9 | 10-12 || total
-------------------------+-------+-------+-------+-------++-------
Melee: Hand axe          |   131 |    33 |    18 |       ||   182
       Short sword       |       |    61 |    13 |       ||    74
       Dagger            |       |    88 |   132 |       ||   220
       Morningstar       |       |       |   291 |       ||   291
       Scimitar          |       |       |    54 |   105 ||   159
Throw: Stone             |     2 |       |       |       ||     2
Evoke: Wand              |       |    13 |    19 |     2 ||    34
       Lightning rod     |       |       |     5 |       ||     5
  Use: Scroll            |     4 |     4 |    10 |       ||    18
       Potion            |     2 |     2 |     8 |     2 ||    14
  Eat: Chunk             |       |     3 |    18 |     1 ||    22
       Royal jelly       |       |       |     2 |       ||     2
       Fruit             |       |       |     2 |       ||     2
Armor: Scale mail        |    69 |    80 |   214 |    43 ||   406
       Skin              |       |       |     7 |       ||     7
Dodge: Dodged            |    92 |    44 |   145 |    42 ||   323
Block: Shield            |    46 |   106 |   415 |   111 ||   678
       Rpst.: Scimitar   |       |       |     9 |    11 ||    20

Table legend:
 A = Spawn XP
 B = Non-spawn XP
 C = Spawn XP percentage of total XP
 D = Spawn monster count
 E = Non-spawn monster count
 F = Spawn count percentage of total count
 G = Total turns spent on level
                    A         B        C        D         E        F      G
               +---------+---------+-------+---------+---------+-------+---------
         Total |     478 |    6785 |   6.6 |       8 |     186 |   4.1 |  4461
               +---------+---------+-------+---------+---------+-------+---------
           D:1 |       0 |      29 |   0.0 |       0 |      15 |   0.0 |   248
           D:2 |       0 |      58 |   0.0 |       0 |      19 |   0.0 |   329
           D:3 |      47 |     101 |  31.8 |       2 |      23 |   8.0 |   506
           D:4 |       0 |      18 |   0.0 |       0 |       3 |   0.0 |   205
           D:5 |     118 |     884 |  11.8 |       1 |      25 |   3.8 |   540
           D:6 |     227 |     976 |  18.9 |       3 |      18 |  14.3 |   751
           D:7 |       0 |    1284 |   0.0 |       0 |      19 |   0.0 |   696
           D:8 |      32 |     607 |   5.0 |       1 |      13 |   7.1 |   356
           D:9 |       0 |    1455 |   0.0 |       0 |      20 |   0.0 |   363
          D:10 |      54 |    1373 |   3.8 |       1 |      31 |   3.1 |   467
               +---------+---------+-------+---------+---------+-------+---------

Table legend:
 A = Turns spent in this place as a percentage of turns spent in the entire game.
 B = Non-inter-level travel turns spent in this place as a percentage of non-inter-level travel turns spent in the entire game.
 C = Inter-level travel turns spent in this place as a percentage of turns spent in this place.
 D = Turns resting spent in this place as a percentage of non-inter-level travel turns spent in this place.
 E = Turns spent auto-exploring this place as a percentage of non-inter-level travel turns spent in this place.
 F = Non-inter-level travel turns spent in this place divided by the number of levels of this place that you've seen.
                   A       B       C       D       E      F
               +-------+-------+-------+-------+-------+----------------------
         Total | 100.0 | 100.0 |   5.2 |   0.1 |   0.0 | 422.8
       Dungeon | 100.0 | 100.0 |   5.2 |   0.1 |   0.0 | 422.8
               +-------+-------+-------+-------+-------+----------------------

Table legend:
 A = Kills in this place as a percentage of kills in entire the game.
 B = Kills by you in this place as a percentage of kills by you in the entire game.
 C = Kills by friends in this place as a percentage of kills by friends in the entire game.
 D = Other kills in this place as a percentage of other kills in the entire game.
 E = Experience gained in this place as a percentage of experience gained in the entire game.
 F = Experience gained in this place divided by the number of levels of this place that you have seen.
                   A       B       C       D       E      F
               +-------+-------+-------+-------+-------+----------------------
         Total | 100.0 | 100.0 |   N/A |   N/A | 100.0 | 726.3
       Dungeon | 100.0 | 100.0 |   N/A |   N/A | 100.0 | 726.3
               +-------+-------+-------+-------+-------+----------------------

Vault maps used:
D:1:      onia_arrival_pyramid
D:2:      lemuel_doored_altar, lemuel_round_altar,
          minmay_randomly_rotated_circles
D:3:      kennysheep_ying_yang, overflow_temple_1_default,
          lemuel_coloured_pillars_altar, first_bread
D:4:      minmay_temple_entry_glass
D:5:      basic_altar, kennysheep_cross_room, hangedman_decor_growths,
          uniq_sigmund, uniq_ijyb
D:6:      grunt_temple_overflow_order_and_chaos_1, okawaru_gym_becter,
          serial_shops, shop_statue
D:7:      kennysheep_little_box, basic_altar, uniq_menkaure
D:8:      old_standard_altar, kennysheep_mini_moat,
          nicolae_overflow_crystal_walls, amethyst_overflow_temple_binary,
          lemuel_crystal_altar
D:9:      cheibrodos_shockbox, hangedman_ranch
D:10:     erik_lair_orcish_takeover, david_orc_5, basic_altar, xom_teletrap_fun
